 Dungeon Crawl Stone Soup version 0.31-a0-627-gd65175cf8b (webtiles) character file.

Game seed: 3462320625279737535

16 GordonOverkill the Sneak (level 2, -1/16 HPs)
             Began as a Vine Stalker Delver on Aug 25, 2023.
             Slain by a quokka zombie (3 damage)
             ... in an ossuary.
             The game lasted 00:01:08 (192 turns).

GordonOverkill the Sneak (Vine Stalker Delver)       Turns: 192, Time: 00:01:09

Health: -1/16      AC:  3    Str: 14    XL:     2   Next: 58%
Magic:  0/3        EV: 11    Int: 10    God:
Gold:   18         SH:  5    Dex: 15    Spells: 1/1 levels left

rFire   . . .        a - +0 short sword
rCold   . . .        (no shield)
rNeg    . . .        b - +0 leather armour
rPois   .            (no helmet)
rElec   .            (no cloak)
rCorr   .            (no gloves)
SInv    .            (no boots)
Will    .....        d - amulet of reflection
Stlth   +++          (no ring)
HPRegen 0.22/turn    (no ring)
MPRegen 0.08/turn

%: reflection, guardian spirit
@: no status effects
A: fangs 2, magic shield, antimagic bite, no potion heal 2
a: no special abilities


You were in an ossuary.
You visited 1 branch of the dungeon, and saw 1 of its levels.
You also visited: Ossuary.

You collected 18 gold pieces.

Inventory:

Hand Weapons
 a - a +0 short sword (weapon)
Armour
 b - a +0 leather armour (worn)
Jewellery
 d - an amulet of reflection (around neck)
Wands
 g - a wand of digging (3)
Scrolls
 c - 2 scrolls of fog
 e - a scroll of fear
 i - a scroll of identify {unknown}
Potions
 f - a potion of haste
 h - 2 potions of lignification {unknown}


   Skills:
 + Level 3.5 Fighting
 - Level 1.7 Short Blades
 - Level 1.5 Dodging
 - Level 6.0 Stealth


You had one spell level left.
You didn't know any spells.
Your spell library was empty.

Dungeon Overview and Level Annotations

Branches:
Dungeon (5/15)            Ossuary (1/1)
 Temple: D:4-7

Altars:


Innate Abilities, Weirdness & Mutations

You have extremely sharp teeth.
When hurt, damage is shared between your health and your magic reserves.
Your bite disrupts and absorbs the magic of your enemies.
Potions cannot restore your health.


Message History

The hound zombie barely misses you. The quokka zombie closely misses you.
You are too injured to fight recklessly!
You are too injured to fight recklessly!
You are too injured to fight recklessly!
You completely miss the quokka zombie. The hound zombie closely misses you.
The quokka zombie bites you.
* * * LOW HITPOINT WARNING * * *
You hit the hound zombie but do no damage.
You bite the hound zombie, but do no damage.
The hound zombie is heavily damaged.
You block the hound zombie's attack. The quokka zombie misses you.
You hit the hound zombie.
The hound zombie is severely damaged.
The hound zombie bites you.
* * * LOW HITPOINT WARNING * * *
The hound zombie closely misses you.
You hit the hound zombie but do no damage.
The hound zombie is severely damaged.
The quokka zombie barely misses you. The hound zombie bites you.
* * * LOW HITPOINT WARNING * * *
You barely miss the hound zombie.
The hound zombie is severely damaged.
The quokka zombie closely misses you. The hound zombie closely misses you.
You hit the hound zombie but do no damage.
Your bite misses the hound zombie.
The hound zombie is severely damaged.
The hound zombie bites you.
* * * LOW HITPOINT WARNING * * *
You block the quokka zombie's attack.
You hit the hound zombie.
The hound zombie is almost destroyed.
The hound zombie bites you but does no damage.
The quokka zombie closely misses you.
You hit the hound zombie.
You destroy the hound zombie!
The quokka zombie closely misses you.
Your Fighting skill increases to level 3!
You have reached level 2!
The quokka zombie bites you.
You die...

#################
#........∩..∩....
#................
#......########..
#...#### #@Z##
#..+ #..##
#...#### #......#
#........Z
#.........
#......###
#...####


You could see a quokka zombie.

Vanquished Creatures
  A hound zombie (Ossuary)
  A hobgoblin zombie (Ossuary)
  2 jackal zombies (Ossuary)
  A rat zombie (Ossuary)
5 creatures vanquished.

Notes
Turn   | Place    | Note
-------+----------+-------------------------------------------
     0 | D:5      | GordonOverkill the Vine Stalker Delver began the quest for
                  | the Orb.
     0 | D:5      | Reached XP level 1. HP: 11/11 MP: 2/2
   124 | D:5      | Found a sand-covered staircase.
   128 | Ossuary  | Entered an ossuary
   192 | Ossuary  | Reached XP level 2. HP: 2/16 MP: 0/3
   192 | Ossuary  | Slain by a quokka zombie

Illustrated notes

Levels and vault maps discovered:
D:5:      layout_basic, nicolae_ossuary_entry_plus, gammafunk_ghost_cemetery
Ossuary:  minmay_ossuary_two_tombs

Skill      XL: |  1 |
---------------+----+-----
Fighting       | 3 |  3.5
Short Blades   | |  1.7
Dodging        | |  1.5
Stealth        | |  6.0

Action                     || total
---------------------------++-------
  Melee: Short sword       ||    27
         Bite              ||     3
    Use: Scroll            ||     1
 Armour: Leather armour    ||     7
  Dodge: Dodged            ||    26
  Block: Other             ||     9

Table legend: (Time is in decaauts)
 A = Elapsed time spent in this place.
 B = Non-inter-level travel time spent in this place.
 C = Inter-level travel time spent in this place.
 D = Time resting spent in this place.
 E = Time spent auto-exploring this place.
 F = Levels seen in this place.
 G = Mean time per level.
                   A        B        C        D        E       F      G
               +--------+--------+--------+--------+--------+-----+--------+
         Total |    189 |    189 |      0 |      0 |      0 |   2 |   94.5 |
       Dungeon |    128 |    128 |      0 |      0 |      0 |   1 |  128.0 |
       Ossuary |     61 |     61 |      0 |      0 |      0 |   1 |   61.0 |
               +--------+--------+--------+--------+--------+-----+--------+

Top non-repeatable levels by time:
     D:5: 128 daAuts
 Ossuary: 61 daAuts
